Map: Oxide LE

Players

Lambo - Winner!

  • Race: Zerg Zerg

Serral

  • Race: Zerg Zerg

Event: DreamHack SC2 Masters 2021 Winter

VOD

Have the link to the VOD?

Description

Time

  • Played on: Oct. 12, 2021, 10:54 a.m.
  • Length: 8:09

All games in this series

Show
View Real Time Build Order
Export as new Build Order

Lambo Zerg - Winner!

Build Orders: Hatch First 

Get SALT Encoding   

  12  0:00  Drone  
  13  0:12  Overlord  
  13  0:17  Drone  
  14  0:31  Drone x2  
  16  0:47  Hatchery  
  15  0:51  Drone  
  15  0:55  Drone  
  17  0:58  Drone  
  18  1:09  Extractor  
  17  1:13  Spawning Pool  
  17  1:16  Drone  
  17  1:19  Drone  
  18  1:27  Drone  
  19  1:38  Drone  
  20  1:49  Drone  
  21  1:59  Queen x2  
  21  2:00  Drone, Overlord  
  26  2:11  Drone x2  
  28  2:22  Drone x2  
  30  2:32  Drone, Overlord  
  30  2:35  Queen x2  
  35  2:44  Drone  
  36  2:46  Overlord  
  36  2:53  Drone  
  36  2:54  Drone  
  38  3:04  Drone  
  39  3:06  Drone  
  39  3:07  Drone x5  
  39  3:08  Drone  
  46  3:18  Lair  
  46  3:19  Overlord  
  47  3:20  Drone  
  47  3:24  Evolution Chamber  
  46  3:29  Drone x2  
  46  3:34  Roach Warren  
  47  3:38  Drone  
  47  3:40  Drone x3  
  51  3:41  Drone  
  51  3:42  Drone x3  
  51  3:44  Extractor x2  
  51  3:46  Extractor  
  52  3:52  Evolution Chamber, Overlord  
  52  3:54  Drone, Zerg Missile Weapons Level 1  
  52  4:03  Overlord  
  52  4:08  Drone  
  53  4:11  Hatchery  
  53  4:15  Drone x2  
  53  4:16  Glial Reconstitution  
  54  4:17  Overseer  
  54  4:22  Zerg Ground Armor Level 1  
  54  4:26  Roach  
  54  4:27  Drone  
  57  4:32  Overlord  
  57  4:34  Roach x2  
  57  4:35  Roach  
  63  4:40  Roach x2  
  63  4:45  Roach x2  
  71  4:47  Overlord  
  71  4:51  Overlord  
  71  4:55  Overlord  
  71  4:56  Roach  
  71  4:59  Overlord  
  73  5:02  Roach  
  73  5:05  Overlord  
  75  5:09  Overlord  
  75  5:10  Roach  
  77  5:15  Ravager x4  
  77  5:18  Roach  
  77  5:20  Overlord  
  83  5:27  Roach x3  
  89  5:29  Overlord  
  89  5:32  Roach  
  89  5:35  Overlord  
  91  5:38  Roach  
  91  5:40  Roach  
  95  5:43  Overlord  
  95  5:45  Roach  
  95  5:47  Roach  
  95  5:49  Roach  
  101  5:57  Spore Crawler  
  101  5:58  Spore Crawler  
  101  6:00  Roach x3  
  105  6:05  Roach x2  
  109  6:13  Roach x3  
  109  6:17  Overlord  
  115  6:19  Roach  
  115  6:24  Hydralisk Den, Overlord  
  116  6:31  Roach x2  
  116  6:32  Roach  
  122  6:35  Roach  
  122  6:37  Roach  
  122  6:39  Roach  
  128  6:41  Roach  
  128  6:43  Roach  
  132  6:50  Roach x2  
  131  6:56  Roach x3  
  131  6:58  Roach  
  119  7:02  Roach  
  119  7:03  Roach  
  119  7:06  Roach  
  115  7:09  Roach  
  115  7:10  Roach  
  115  7:12  Roach  
  109  7:16  Roach  
  109  7:18  Roach  
  111  7:23  Roach x2  
  111  7:28  Roach  
  113  7:31  Ravager  
  113  7:34  Roach x2  
  113  7:37  Roach  
  108  7:44  Roach  
  108  7:45  Roach  
  108  7:50  Roach  
Show
View Real Time Build Order
Export as new Build Order

Serral Zerg 

Build Orders: Hatch First 

Get SALT Encoding   

  12  0:00  Drone  
  13  0:11  Overlord  
  13  0:16  Drone  
  14  0:30  Drone x2  
  16  0:46  Hatchery  
  15  0:50  Drone  
  15  0:53  Drone  
  15  0:56  Drone  
  18  1:07  Extractor  
  17  1:12  Spawning Pool  
  17  1:15  Drone  
  17  1:18  Drone  
  18  1:27  Drone  
  19  1:38  Drone  
  20  1:50  Drone  
  21  1:58  Queen x2  
  21  1:59  Drone, Overlord  
  26  2:09  Drone  
  26  2:10  Drone  
  28  2:19  Drone  
  28  2:21  Drone  
  30  2:31  Overlord  
  30  2:33  Drone  
  30  2:34  Queen x2  
  35  2:42  Overlord  
  35  2:43  Drone  
  36  2:53  Drone x2  
  36  2:55  Evolution Chamber  
  37  3:04  Drone x2  
  39  3:06  Drone x6  
  39  3:10  Lair  
  45  3:15  Roach Warren  
  45  3:18  Drone  
  45  3:22  Zerg Missile Weapons Level 1  
  45  3:23  Drone  
  45  3:26  Extractor  
  45  3:27  Extractor  
  45  3:28  Drone  
  45  3:29  Drone  
  45  3:33  Extractor  
  45  3:37  Drone  
  45  3:41  Drone  
  47  3:42  Drone x2  
  47  3:43  Drone x3  
  47  3:45  Overlord  
  52  3:58  Overlord  
  52  4:02  Hatchery  
  51  4:05  Drone x2  
  51  4:09  Spire  
  52  4:12  Glial Reconstitution  
  52  4:15  Overseer  
  52  4:18  Overlord  
  52  4:24  Roach x2  
  56  4:28  Roach x2  
  60  4:32  Roach  
  60  4:33  Roach  
  60  4:35  Roach  
  66  4:41  Overlord  
  66  4:42  Overlord  
  66  4:44  Roach  
  68  4:49  Overlord  
  68  4:57  Overlord  
  68  4:58  Overlord  
  68  5:02  Drone x4  
  72  5:07  Overlord  
  72  5:12  Overlord  
  72  5:20  Mutalisk x4  
  80  5:22  Mutalisk  
  82  5:28  Drone  
  82  5:29  Drone  
  82  5:30  Drone  
  82  5:31  Drone x2  
  87  5:36  Zerg Missile Weapons Level 2  
  87  5:39  Overlord  
  87  5:41  Roach  
  91  5:42  Roach  
  91  5:46  Overlord  
  91  5:50  Roach x2  
  91  5:53  Roach  
  97  6:01  Roach x5  
  107  6:06  Roach x2  
  107  6:11  Overlord  
  111  6:15  Roach x3  
  111  6:16  Ravager  
  118  6:22  Roach x2  
  118  6:23  Overlord x2  
  122  6:30  Roach  
  122  6:31  Roach x3  
  130  6:37  Overlord x2  
  130  6:42  Ravager x2  
  130  6:44  Roach  
  134  6:53  Roach x3  
  126  6:58  Roach x3  
  109  7:03  Roach x2  
  109  7:06  Roach  
  109  7:08  Roach  
  98  7:11  Roach x2  
  98  7:14  Queen x2, Roach  
  98  7:19  Roach x2  
  98  7:21  Roach  
  95  7:23  Roach  
  95  7:24  Queen  
  95  7:26  Roach  
  95  7:28  Roach  
  99  7:30  Roach  
  99  7:34  Roach  
  99  7:36  Roach  
  99  7:37  Roach  
  103  7:42  Roach x2  
  90  7:45  Roach  
  90  7:48  Roach  

Tags
 
Add a new tag
Caveats
  • Supply blocks, unpowered buildings, or Contaminate may cause inaccurate times.
  • Supply counts are checked every 10 seconds.